 Dungeon Crawl Stone Soup version 0.21.0 (webtiles) character file.

112 Hekarica the Stinger (level 4, 0/28 HPs)
             Began as an Octopode Venom Mage on May 20, 2018.
             Slain by an orc wizard
             ... wielding a +0 dagger
              (2 damage)
             ... on level 2 of the Dungeon.
             The game lasted 00:08:23 (1726 turns).

Hekarica the Stinger (Octopode Venom Mage)          Turns: 1726, Time: 00:08:23

Health: 0/28       AC:  1    Str:  8    XL:     4   Next: 95%
Magic:  1/7        EV: 19    Int: 17    God:
Gold:   100        SH:  4    Dex: 17    Spells: 7/8 levels left

rFire    . . .     SeeInvis .     - Unarmed
rCold    . . .     Gourm    .   k - +0 buckler
rNeg     . . .     Faith    .   (helmet restricted)
rPois    .         Spirit   .   (no amulet)
rElec    .         Reflect  .   (no ring)
rCorr    .         Harm     .   (no ring)
MR       .....                  (no ring)
Stlth    +++++.....             (no ring)
HPRegen  0.09/turn              (no ring)
MPRegen  0.10/turn              (no ring)
                                (no ring)
                                (no ring)

@: agile, hasted, very quick
A: almost no armour, stealthy swim, amphibious, 8 rings, constrict 8, camouflage
1, gelatinous body 1
a: no special abilities


You were on level 2 of the Dungeon.
You were not hungry.

You visited 1 branch of the dungeon, and saw 2 of its levels.

You collected 100 gold pieces.

Inventory:

Armour
 k - a +0 buckler (worn)
Scrolls
 c - 4 scrolls of remove curse {unknown}
 f - 4 scrolls of identify {unknown}
 g - a scroll of enchant armour {unknown}
 h - a scroll of fear {unknown}
 i - 3 scrolls of teleportation {unknown}
 l - a scroll of magic mapping {unknown}
Potions
 d - a potion of haste
 e - 3 potions of agility
 j - a potion of degeneration {unknown}
Books
 a - a Young Poisoner's Handbook

   Spells                             Type                      Level
   a - Sting                          Conjuration/Poison           1
   b - Poisonous Vapours              Poison/Air                   2
   c - Mephitic Cloud                 Conjuration/Poison/Air       3
   d - Olgreb's Toxic Radiance        Poison                       4
   e - Venom Bolt                     Conjuration/Poison           5
Comestibles
 b - 4 rations


   Skills:
 + Level 1.5 Fighting
 + Level 2.8 Dodging
 - Level 3.6 Stealth
 * Level 0.7 Shields
 + Level 1.6 Unarmed Combat
 + Level 2.6 Spellcasting
 - Level 1.0 Conjurations
 - Level 3.6 Poison Magic


You had 7 spell levels left.
You knew the following spells:

 Your Spells              Type           Power        Failure   Level  Hunger
a - Sting                 Conj/Pois      ##..         11%         1    #......


Dungeon Overview and Level Annotations

Branches:
Dungeon (2/15)

Altars:


Innate Abilities, Weirdness & Mutations

You cannot wear most types of armour.
You are very stealthy in the water. (Stealth+)
You are amphibious.
You can wear up to eight rings at the same time.
You can use your tentacles to constrict eight enemies at once.
Your skin changes colour to match your surroundings (Stealth+).
Your rubbery body absorbs attacks. (AC +1, EV +1)


Message History

Casting: Sting
Confirm with . or Enter, or press ? or * to list all spells.
You don't have enough magic to cast that spell.
Something hits you.
You miss something. Something hits you but does no damage.
You barely miss something. You squeeze something!
You hear some strange, mumbled words.
A magic dart appears from out of thin air!
The magic dart hits you!
It was a potion of agility.
You feel agile all of a sudden.
You hear some strange, mumbled words.
A magic dart appears from out of thin air!
The magic dart hits you!
* * * LOW HITPOINT WARNING * * *
You tentacle-slap something but do no damage.
You squeeze something. Something hits you.
* * * LOW HITPOINT WARNING * * *
It was a potion of haste.
You feel yourself speed up. Something hits you.
You die...

###### #....# ## #....#####
.. #....#...# #. #....#...#
#. #........# #
#####.###.#....#####..
.......@{...........
.########.##...##.#
##..........###. .###
###..o............
.....###......#...#######
.......#.#..#.#....##
..[......#.##.......#####
......o†#.....###.......###
......o..)#.#.# ###.###.)..


There were no monsters in sight!

Vanquished Creatures
  A hound (D:2)
  2 adders (D:2)
  3 dart slugs (D:1)
  3 leopard geckos (D:2)
  2 orcs (D:2)
  8 bats
  4 giant cockroaches
  3 goblins
  3 hobgoblins
  4 jackals
  11 kobolds
  2 ball pythons
  2 frilled lizards (D:1)
  4 rats (D:1)
52 creatures vanquished.

Notes
Turn   | Place    | Note
-------+----------+-------------------------------------------
     0 | D:1      | Hekarica the Octopode Venom Mage began the quest for the Orb.
     0 | D:1      | Reached XP level 1. HP: 11/11 MP: 3/3
   141 | D:1      | Reached XP level 2. HP: 15/18 MP: 1/5
   631 | D:1      | Reached skill level 1 in Fighting
   631 | D:1      | Reached XP level 3. HP: 23/23 MP: 2/6
   666 | D:1      | Reached skill level 1 in Unarmed Combat
  1475 | D:2      | Reached XP level 4. HP: 23/28 MP: 2/7
  1726 | D:2      | Slain by an orc wizard

Skill      XL: |  1  2  3 |
---------------+----------+-----
Stealth        | 3 |  3.6
Fighting       | 1 |  1.5
Unarmed Combat | 1 |  1.6
Dodging        | |  2.8
Shields        | |  0.7
Spellcasting   | |  2.6
Conjurations   | |  1.0
Poison Magic   | |  3.6

Action                   |  1- 3 |  4- 6 || total
-------------------------+-------+-------++-------
Melee: Unarmed           |    58 |    21 ||    79
       Constrict         |    17 |     5 ||    22
       Tentacles         |    10 |     5 ||    15
       Punch             |     2 |       ||     2
 Cast: Sting             |    56 |    19 ||    75
  Use: Potion            |       |     2 ||     2
 Stab: Sleeping          |     1 |       ||     1
  Eat: Ration            |     1 |       ||     1
Armor: Skin              |     5 |     2 ||     7
Dodge: Dodged            |    37 |    13 ||    50
Block: Buckler           |       |     2 ||     2
